 Dungeon Crawl Stone Soup version 0.27.0-1-g7a089689b8 (webtiles) character file.

Game seed: 3850603837333597260

890 ZARRMARR the Slicer (level 8, 0/48 HPs)
             Began as a Kobold Berserker on Aug 14, 2021.
             Was a Priest of Trog.
             Slain by a water moccasin (8 damage)
             ... on level 5 of the Dungeon.
             The game lasted 00:16:58 (4430 turns).

ZARRMARR the Slicer (Kobold Berserker)              Turns: 4430, Time: 00:16:58

Health: 0/48       AC:  3    Str: 14    XL:     8   Next: 27%
Magic:  8/8        EV: 15    Int:  9    God:    Trog [***...]
Gold:   164        SH:  0    Dex: 16    Spells: 7/7 levels left

rFire    . . .     SeeInvis .   a - +1 short sword
rCold    . . .     Faith    .   (shield restricted)
rNeg     . . .     Spirit   .   b - +0 animal skin
rPois    .         Reflect  .   e - +0 helmet
rElec    .         Harm     .   (no cloak)
rCorr    .         Rampage  .   (no gloves)
Will     ++...                  (no boots)
Stlth    +++++.....             (no amulet)
HPRegen  1.16/turn              (no ring)
MPRegen  0.11/turn              (no ring)

@: lethally poisoned (0 -> -3), strong-willed, on berserk cooldown,
regenerating, slowed, very slow
A: small, no large weapons, nightstalker 3
a: Renounce Religion, Berserk, Trog's Hand


You were on level 5 of the Dungeon.
You worshipped Trog.
Trog was most pleased with you.
You visited 1 branch of the dungeon, and saw 5 of its levels.

You collected 164 gold pieces.

Inventory:

Hand Weapons
 a - a +1 short sword (weapon)
 d - a +0 broad axe
 n - a +1 hand axe of electrocution
Missiles
 c - 99 stones
 h - 39 poisoned darts (quivered)
Armour
 b - a +0 animal skin (worn)
 e - a +0 helmet (worn)
Scrolls
 f - 4 scrolls of magic mapping
 g - 2 scrolls of teleportation
Potions
 i - a potion of curing
 j - 2 potions of cancellation
 l - a potion of mutation {unknown}
 m - a potion of attraction {unknown}
 o - a potion of magic {unknown}


   Skills:
 + Level 4.9 Fighting
 + Level 8.0 Short Blades
 + Level 1.0 Throwing
 + Level 1.8 Armour
 + Level 3.5 Dodging
 + Level 7.7 Stealth


You had 7 spell levels left.
You didn't know any spells.
Your spell library contained the following spells:

 Spells                   Type           Power      Damage    Failure   Level
 Iskenderun's Battlesphe  Conj           0%         2d6       100%        5
 Iron Shot                Conj/Erth      0%         9d1       100%        6
 Spellforged Servitor     Conj/Summ      0%         N/A       100%        7


Dungeon Overview and Level Annotations

Branches:
Dungeon (4/15)             Temple (0/1) D:4

Altars:
Cheibriados
Makhleb

Annotations:
D:4 Edmund


Innate Abilities, Weirdness & Mutations

You are small and have problems with some larger weapons.
You are completely attuned to the shadows.


Message History

The steam dragon is almost dead.
The steam dragon closely misses you. The steam dragon claws you.
You puncture the steam dragon!
You kill the steam dragon!
Trog accepts your kill.
You feel sick.
Your Short Blades skill increases to level 8!
You are no longer berserk.
You are exhausted.
You feel yourself slow down.
You feel sick.
Your skin crawls.
You feel strong-willed.
You feel sick.
You are no longer poisoned.
The water moccasin completely misses you. x2
You barely miss the water moccasin.
The water moccasin closely misses you. x2
You closely miss the water moccasin.
The water moccasin bites you but does no damage.
You hit the water moccasin.
The water moccasin is lightly wounded.
The water moccasin barely misses you.
The water moccasin completely misses you.
You hit the water moccasin.
The water moccasin is moderately wounded.
The water moccasin misses you.
You hit the water moccasin.
The water moccasin is heavily wounded.
The water moccasin misses you. The water moccasin bites you!
* * * LOW HITPOINT WARNING * * *
You are poisoned.
The water moccasin poisons you!
You hit the water moccasin.
The water moccasin is heavily wounded.
You feel very sick. The water moccasin misses you.
You hit the water moccasin.
The water moccasin is severely wounded.
You feel very sick. The water moccasin bites you!
You die...

................#
###############.#
#.# #.# #.# #.#
#)# .##.#####
.....@...!
!...S.#..)
......# ..
....).# # .##.##


You could see a water moccasin.

Vanquished Creatures
  Grinder (D:3)
  A steam dragon (D:5)
  Menkaure (D:4)
  An ogre (D:2)
  A scorpion (D:5)
  A wyvern skeleton (D:5)
  A hound (D:4)
  Terence (D:2)
  Robin (D:2)
  5 gnolls
  4 adders
  An ufetubus (D:3)
  4 worms
  3 dart slugs
  6 orcs
  4 ball pythons
  9 endoplasms
  2 giant cockroaches (D:2)
  12 goblins
  10 hobgoblins
  3 jackals (D:2)
  3 quokkas
  10 bats
  3 frilled lizards
  4 kobolds
  3 rats
95 creatures vanquished.

Notes
Turn   | Place    | Note
-------+----------+-------------------------------------------
     0 | D:1      | ZARRMARR the Kobold Berserker began the quest for the Orb.
     0 | D:1      | Reached XP level 1. HP: 14/14 MP: 1/1
    27 | D:1      | Reached XP level 2. HP: 14/19 MP: 2/2
   418 | D:1      | Reached XP level 3. HP: 24/24 MP: 3/3
   930 | D:1      | Reached skill level 1 in Stealth
   949 | D:1      | Reached ** piety under Trog
  1125 | D:2      | Reached skill level 5 in Short Blades
  1125 | D:2      | Reached XP level 4. HP: 29/29 MP: 4/4
  1257 | D:2      | Noticed an ogre
  1273 | D:2      | Killed an ogre
  1274 | D:2      | Reached XP level 5. HP: 33/33 MP: 5/5
  1386 | D:2      | Found a faded altar of an unknown god.
  1571 | D:2      | Noticed Robin
  1584 | D:2      | Killed Robin
  1587 | D:2      | Reached skill level 6 in Short Blades
  1793 | D:2      | Noticed Terence
  1804 | D:2      | Killed Terence
  1805 | D:2      | Reached XP level 6. HP: 38/38 MP: 6/6
  2047 | D:2      | Reached *** piety under Trog
  2941 | D:3      | Noticed Grinder
  2960 | D:3      | Killed Grinder
  2961 | D:3      | Reached skill level 7 in Short Blades
  2961 | D:3      | Reached skill level 5 in Stealth
  2961 | D:3      | Reached XP level 7. HP: 13/44 MP: 7/7
  3569 | D:3      | Found a snail-covered altar of Cheibriados.
  3848 | D:3      | Found a burning altar of Makhleb.
  4106 | D:4      | Noticed Menkaure
  4110 | D:4      | Killed Menkaure
  4154 | D:4      | Noticed Edmund
  4156 | D:4      | Found a staircase to the Ecumenical Temple.
  4363 | D:4      | You fall into a shaft and drop 1 floor!
  4363 | D:5      | Entered Level 5 of the Dungeon
  4397 | D:5      | Reached XP level 8. HP: 48/48 MP: 8/8
  4418 | D:5      | Reached skill level 1 in Throwing
  4422 | D:5      | Reached skill level 8 in Short Blades
  4430 | D:5      | Slain by a water moccasin

Illustrated notes

Levels and vault maps discovered:
D:1:      eino_arrival_water_star, layout_basic
D:2:      layout_basic, shapermc_ecumenical_altar_pompeii, grunt_decor_junction,
          uniq_terence, uniq_robin
D:3:      layout_loops_ring, bloody_makhleb,
          mainiacjoe_overflow_concentric_impassable, patterned_corridor,
          uniq_grinder
D:4:      layout_cave_pools, okawaru_trees_1, general_overflow_altar,
          temple_fountains, serial_co_window_serial, co_window_corner_a,
          co_window_paths_a, co_window_paths_a, co_window_corner_a,
          co_window_of_opportunity_a, co_window_corner_cb,
          co_window_of_opportunity_b, co_window_broadway_b, co_window_cross_2,
          glass_columns_a, glass_columns_b, uniq_menkaure, uniq_edmund
D:5:      layout_basic

Skill      XL: |  1  2  3  4  5  6  7  8 |
---------------+-------------------------+-----
Stealth        | 1 3 5 6 7 |  7.7
Short Blades   | 5 6 7 8 |  8.0
Fighting       | 4 |  4.9
Dodging        | 3 |  3.5
Throwing       | 1 |  1.0
Armour         | |  1.8

Action                   |  1- 3 |  4- 6 |  7- 9 || total
-------------------------+-------+-------+-------++-------
Melee: Short sword       |    50 |    94 |    96 ||   240
Throw: Stone             |     3 |     2 |       ||     5
       Dart              |       |     2 |     6 ||     8
Invok: Berserk           |     7 |     6 |     3 ||    16
       Trog's Hand       |       |     1 |     2 ||     3
  Use: Scroll            |       |     5 |     4 ||     9
 Stab: Sleeping          |    13 |    10 |    16 ||    39
Armor: Animal skin       |     7 |    11 |     9 ||    27
Dodge: Dodged            |    29 |    43 |    52 ||   124
